 Dungeon Crawl Stone Soup version 0.19.0-2-gae57169 (webtiles) character file.

147 Pepeogr the Ruffian (level 5, -2/40 HPs)
             Began as a Draconian Transmuter on Nov 6, 2016.
             Slain by a gnoll
             ... wielding a +0 spear
              (8 damage)
             ... on level 4 of the Dungeon.
             The game lasted 00:13:53 (2955 turns).

Pepeogr the Ruffian (Draconian Transmuter)          Turns: 2955, Time: 00:13:53

Health: -2/40      AC:  5    Str: 13      XL:     5   Next: 7%
Magic:  6/9        EV: 13    Int: 13      God:
Gold:   118        SH:  0    Dex: 13 (14) Spells: 2 memorised, 4 levels left

rFire  + . .     SeeInvis .       - Unarmed
rCold  . . .     Gourm    .     (armour unavailable)
rNeg   . . .     Faith    .     (no shield)
rPois  .         Spirit   .     (helmet restricted)
rElec  .         Reflect  .     (no cloak)
rCorr  .         Harm     .     (no gloves)
MR     .....     Rnd*Rage +     (boots currently unavailable)
Stlth  ++........               (no amulet)
                                (no ring)
                                (no ring)

@: appendage
A: unfitting armour, talons 3, agile 1, berserk 1, deterioration 1, fire
resistance 1, high mp 1, sense surroundings 1, cold-blooded, MP-powered wands,
AC +5
a: End Transformation


You were on level 4 of the Dungeon.
You were not hungry.
You had grown temporary talons.
You visited 1 branch of the dungeon, and saw 3 of its levels.

You collected 118 gold pieces.

Inventory:

Hand Weapons
 m - a +2 rapier of holy wrath
Missiles
 a - 12 arrows
 n - 30 stones (quivered)
Armour
 e - a +2 shield
 j - a +0 robe
Wands
 c - a wand of confusion (20/48)
Scrolls
 d - 2 scrolls of identify
 i - 2 scrolls of recharging
 l - a scroll of fog
Potions
 k - a potion of curing
Books
 b - a book of Changes

   Spells                             Type                      Level
   a - Beastly Appendage              Transmutation                1
   b - Sticks to Snakes               Transmutation                2
   c - Spider Form                    Transmutation/Poison         3
   d - Ice Form                       Ice/Transmutation            4
   e - Blade Hands                    Transmutation                5
Comestibles
 g - a meat ration
 h - a royal jelly


   Skills:
 + Level 1.5 Fighting
 + Level 2.9 Dodging
 + Level 0.8 Stealth
 + Level 4.2 Unarmed Combat
 + Level 2.2 Spellcasting
 * Level 2.8 Transmutations


You had 4 spell levels left.
You knew the following spells:

 Your Spells              Type           Power        Failure   Level  Hunger
a - Beastly Appendage     Tmut           #.....       10%         1    ##.....
b - Spider Form           Tmut/Pois      #.........   52%         3    ####...


Dungeon Overview and Level Annotations

Branches:
Dungeon (2/15)

Altars:
Vehumet


Innate Abilities, Weirdness & Mutations

Your plain brown scales are hard. (AC +5)
You cannot fit into any form of body armour.
You are cold-blooded and may be slowed by cold attacks.
You have claws for feet.
You are agile. (Dex +2)
You tend to lose your temper in combat.
Your body sometimes deteriorates upon taking damage.
Your flesh is heat resistant. (rF+)
You have an increased reservoir of magic. (+10% MP)
You passively map a small area around you.
You expend magic power (3 MP) to strengthen your wands.


Message History

The hound is severely wounded.
The hound barely misses you. The gnoll barely misses you.
You closely miss the hound. Your kick misses the hound.
Your tail-slap misses the hound.
The hound is severely wounded.
The hound bites you. The gnoll hits you but does no damage.
The gnoll hits you from afar with a spear.
* * * LOW HITPOINT WARNING * * *
The gnoll barely misses you. The hound bites you but does no damage.
You hit the hound. You claw the hound, but do no damage.
The hound is severely wounded.
The gnoll closely misses you. The gnoll barely misses you. The hound bites you.
* * * LOW HITPOINT WARNING * * *
The gnoll hits you from afar with a spear.
* * * LOW HITPOINT WARNING * * *
You feel better. The hound bites you but does no damage.
The gnoll closely misses you. The gnoll hits you with a club!
* * * LOW HITPOINT WARNING * * *
The gnoll hits you from afar with a spear!
You die...

#...............#
#...............#
* *
##.............##
, *
#.............# ,
##...........## *
##........###
#.....#### ,,
#....## #..@.#
,*##.gh.#* ** ,
#..gg## , ,
#..g.......# ,
#............ *
#............ *
#..........<#
#...........## *
#............#


You could see a hound and 4 gnolls.

Vanquished Creatures
  A hound (D:4)
  Ijyb (D:2)
  A worker ant (D:4)
  A worm (D:2)
  3 dart slugs
  2 leopard geckos (D:2)
  6 bats
  A giant cockroach (D:1)
  14 goblins
  5 hobgoblins
  7 jackals (D:2)
  3 kobolds
  2 ball pythons (D:2)
  4 frilled lizards
  A rat (D:2)
52 creatures vanquished.

Notes
Turn   | Place    | Note
-------+----------+-------------------------------------------
     0 | D:1      | Pepeogr the Draconian Transmuter began the quest for the Orb.
     0 | D:1      | Reached XP level 1. HP: 16/16 MP: 3/3
   348 | D:1      | Reached XP level 2. HP: 20/23 MP: 5/5
  1094 | D:2      | Reached XP level 3. HP: 17/28 MP: 6/6
  2062 | D:2      | Noticed Ijyb
  2077 | D:2      | Killed Ijyb
  2077 | D:2      | Reached XP level 4. HP: 6/35 MP: 7/7
  2477 | D:2      | Gained mutation: You passively map a small area around you. [potion of mutation]
  2477 | D:2      | Gained mutation: You have an increased reservoir of magic. (+10% MP) [potion of mutation]
  2477 | D:2      | Gained mutation: You are agile. (Dex +2) [potion of mutation]
  2485 | D:2      | Learned a level 3 spell: Spider Form
  2724 | D:2      | Found a radiant altar of Vehumet.
  2758 | D:2      | Gained mutation: Your flesh is heat resistant. (rF+) [potion of mutation]
  2758 | D:2      | Gained mutation: You expend magic power (3 MP) to strengthen your wands. [potion of mutation]
  2758 | D:2      | Gained mutation: You tend to lose your temper in combat. [potion of mutation]
  2759 | D:2      | Gained mutation: Your body sometimes deteriorates upon taking damage. [potion of mutation]
  2767 | D:2      | You fall through a shaft for 2 floors!
  2781 | D:4      | Reached skill level 4 in Unarmed Combat
  2885 | D:4      | Reached XP level 5. HP: 30/40 MP: 9/9
  2955 | D:4      | Slain by a gnoll

Skill      XL: |  1  2  3  4 |
---------------+-------------+-----
Dodging        | 2 |  2.9
Unarmed Combat | 4 |  4.2
Fighting       | |  1.5
Stealth        | |  0.8
Spellcasting   | |  2.2
Transmutations | |  2.8

Action                   |  1- 3 |  4- 6 || total
-------------------------+-------+-------++-------
Melee: Unarmed           |   143 |    84 ||   227
       Kick              |     9 |     1 ||    10
       Tailslap          |    15 |     9 ||    24
       Headbutt          |     4 |       ||     4
       Punch             |     2 |     2 ||     4
 Cast: Beastly Appendage |     7 |     1 ||     8
Evoke: Wand              |       |     1 ||     1
  Use: Potion            |     1 |     5 ||     6
       Scroll            |     5 |     1 ||     6
  Eat: Fruit             |     3 |       ||     3
       Bread ration      |     1 |       ||     1
Armor: Skin              |    71 |    38 ||   109
Dodge: Dodged            |   126 |    86 ||   212
